 Dungeon Crawl Stone Soup version 0.24.0-125-gc4c63601f3 (webtiles) character file.

Game seed: 13978921066284209544, levelgen mode: deterministic

65 Descartes the Grasshopper (level 3, -2/16 HPs)
             Began as a Felid Warper on Mar 12, 2020.
             Slain by Terence
             ... wielding a +0 morningstar
              (8 damage)
             ... on level 2 of the Dungeon.
             The game lasted 00:04:02 (1329 turns).

Descartes the Grasshopper (Felid Warper)            Turns: 1329, Time: 00:04:03

Health: -2/16      AC:  1    Str:  8    XL:     3   Next: 94%
Magic:  7/7        EV: 13    Int: 14    God:
Gold:   30         SH:  0    Dex: 15    Spells: 2/6 levels left
                                        Lives:  0   Deaths: 0

rFire    . . .     SeeInvis +     - Unarmed
rCold    . . .     Gourm    .   (shield unavailable)
rNeg     . . .     Faith    .   (armour unavailable)
rPois    .         Spirit   .   (helmet unavailable)
rElec    .         Reflect  .   (cloak unavailable)
rCorr    .         Harm     .   (gloves unavailable)
MR       .....                  (boots unavailable)
Stlth    +++.......             (no amulet)
HPRegen  0.05/turn              e - -6 ring of evasion (curse)
MPRegen  0.10/turn              (no ring)

@: quick
A: very small, no armour, no weapons or thrown items, stealth, claws 1, fangs 3,
see invisible, carnivore, speed 1, shaggy fur 1, slow metabolism 1, sharp paws
a: no special abilities


You were on level 2 of the Dungeon.
You were completely stuffed.

You visited 1 branch of the dungeon, and saw 2 of its levels.

You collected 30 gold pieces.

Inventory:

Missiles
 d - 29 stones
 g - 69 arrows
Jewellery
 e - a cursed -6 ring of evasion (left paw)
Scrolls
 b - 2 scrolls of blinking
 k - 2 scrolls of immolation
 l - a scroll of fear {unknown}
Potions
 a - 2 potions of heal wounds
 h - a potion of flight {unknown}
 i - 3 potions of curing
 j - a potion of lignification
Comestibles
 c - 7 rations
 f - 3 chunks of flesh


   Skills:
 + Level 2.3 Fighting
 + Level 3.7 Dodging
 * Level 2.7 Stealth
 * Level 2.8 Unarmed Combat
 + Level 2.3 Spellcasting
 - Level 4.4 Translocations


You had 2 spell levels left.
You knew the following spells:

 Your Spells              Type           Power        Failure   Level  Hunger
a - Blink                 Tloc           N/A          6%          2    ###....
b - Shroud of Golubria    Chrm/Tloc      #.....       14%         2    ###....

Your spell library contained the following spells:

 Spells                   Type           Power        Failure   Level  Hunger
 Gell's Gravitas          Tloc           ##........   12%         3    ###....
 Lesser Beckoning         Tloc           ##........   12%         3    ###....
 Teleport Other           Tloc           ##......     12%         3    ###....
 Passage of Golubria      Tloc           N/A          36%         4    #####..


Dungeon Overview and Level Annotations

Branches:
Dungeon (2/15)

Altars:
Kikubaaqudgha
Qazlal
Sif Muna
Wu Jian

Annotations:
D:2 Terence


Innate Abilities, Weirdness & Mutations

You cannot wear armour.
You are incapable of wielding weapons or throwing items.
Your paws allow you to move quietly. (Stealth)
You have sharp claws.
You have razor-sharp teeth.
You have supernaturally acute eyesight. (SInv)
You are carnivorous and can eat meat at any time.
You cover ground quickly.
You are covered in fur. (AC +1)
You have a slow metabolism.
Your sharp claws are effective at attacking unaware monsters.


Message History

Terence is heavily wounded.
You scratch Terence but do no damage.
Terence is heavily wounded.
Terence hits you but does no damage.
You scratch Terence but do no damage. You bite Terence, but do no damage.
Terence is heavily wounded.
You barely miss Terence.
Terence is heavily wounded.
Terence barely misses you.
You scratch Terence but do no damage.
Terence is heavily wounded.
Terence barely misses you.
You barely miss Terence.
Terence is heavily wounded.
Terence barely misses you.
You scratch Terence but do no damage.
Terence is heavily wounded.
Terence hits you with a +0 morningstar!
Ouch! That really hurt!
You die...

#####.# #.##.#..#
#.######.###.#.#
#..............#
#.######.###.### #.###
#.# #.# #...####.# #.#
#........# #.#
####.#.########.#
#######.......[@@..##.#
...........#.#####.##.#
######.##.#.# #.##.#
#.##.#.# #.##.########
#.##.#.# ##.##.........
#.##.#.# #.............
#....#.# #..###########
#.####.# #..# #.#..
#..#


You could see Terence.

Vanquished Creatures
  2 adders (D:2)
  A worm (D:2)
  A dart slug (D:2)
  2 leopard geckos (D:2)
  6 bats
  A giant cockroach (D:1)
  10 goblins (D:1)
  3 hobgoblins
  2 jackals (D:1)
  A quokka (D:2)
  A frilled lizard (D:2)
  4 kobolds
  5 rats
39 creatures vanquished.

Vanquished Creatures (others)
  4 toadstools (D:1)
4 creatures vanquished.

Grand Total: 43 creatures vanquished

Notes
Turn   | Place    | Note
-------+----------+-------------------------------------------
     0 | D:1      | Descartes the Felid Warper began the quest for the Orb.
     0 | D:1      | Reached XP level 1. HP: 9/9 MP: 4/4
    72 | D:1      | Reached skill level 1 in Stealth
   100 | D:1      | Reached XP level 2. HP: 12/13 MP: 6/6
   121 | D:1      | Learned a level 2 spell: Blink
   124 | D:1      | Learned a level 2 spell: Shroud of Golubria
   573 | D:1      | Reached XP level 3. HP: 16/16 MP: 7/7
   620 | D:2      | Noticed Terence
  1133 | D:2      | Found an ancient bone altar of Kikubaaqudgha.
  1171 | D:2      | Found a stormy altar of Qazlal.
  1195 | D:2      | Found a shimmering blue altar of Sif Muna.
  1205 | D:2      | Found an ornate altar of the Wu Jian Council.
  1329 | D:2      | Slain by Terence

Levels and vault maps discovered:
D:1:      ldierk_walled_garden_2, layout_basic
D:2:      layout_loops_ring, nicolae_overflow_quartered_altars, uniq_terence

Skill      XL: |  1  2 |
---------------+-------+-----
Stealth        | 1 2 |  2.7
Fighting       | |  2.3
Dodging        | |  3.7
Unarmed Combat | |  2.8
Spellcasting   | |  2.3
Translocations | |  4.4

Action                   || total
-------------------------++-------
Melee: Unarmed           ||   125
       Bite              ||    10
       Punch             ||     1
 Cast: Shroud of Golubri ||     2
  Use: Scroll            ||     4
       Potion            ||     2
 Stab: Sleeping          ||     8
  Eat: Chunk             ||     8
Armor: Skin              ||     6
Dodge: Dodged            ||    70
